 Dungeon Crawl Stone Soup version 0.20-a0-700-gbd4582c (webtiles) character file.

8124 HarryHood the Fighter (level 11, -15/73 HPs)
             Began as a Gargoyle Berserker on Feb 20, 2017.
             Was a High Priest of Trog.
             Demolished by a skeletal warrior
             ... wielding a +0 battleaxe
              (24 damage)
             ... on level 8 of the Dungeon.
             The game lasted 00:29:18 (8877 turns).

HarryHood the Fighter (Gargoyle Berserker)          Turns: 8877, Time: 00:29:18

Health: -15/73     AC: 22    Str: 22      XL:     11   Next: 26%
Magic:  11/11      EV: 10    Int:  8      God:    Trog [*****.]
Gold:   313        SH:  5    Dex:  9 (11) Spells: 10/10 levels left

rFire    x . .     SeeInvis .   a - +2 morningstar
rCold    + + .     Gourm    .   d - +1 chain mail
rNeg     + . .     Faith    .   A - +0 buckler
rPois    ∞         Spirit   .   m - +2 helmet
rElec    +         Reflect  .   B - scarf {rC+}
rCorr    .         Harm     .   (no gloves)
MR       .....                  (no boots)
Stlth    ..........             (no amulet)
Regen    0.3/turn               k - ring of ice
MPRegen  0.2/turn               j - ring of stealth

@: exhausted, slowed, very slow
A: negative energy resistance 1, electricity resistance, unbreathing,
petrification resistance, rot immunity, AC +7
a: Berserk, Trog's Hand, Brothers in Arms, Burn Spellbooks, Renounce Religion


You were on level 8 of the Dungeon.
You worshipped Trog.
Trog was extremely pleased with you.
You were very hungry.

You visited 2 branches of the dungeon, and saw 9 of its levels.
You also visited: Sewer.

You collected 505 gold pieces.
You spent 192 gold pieces at shops.

Inventory:

Hand Weapons
 a - a +2 morningstar (weapon)
 b - a +2 hunting sling of flaming
Missiles
 e - 85 sling bullets
Armour
 d - a +1 chain mail (worn)
 m - a +2 helmet (worn)
 A - a +0 buckler (worn)
 B - a scarf of cold resistance (worn)
Jewellery
 j - a ring of stealth (left hand)
 k - a ring of ice (right hand)
 D - a +6 ring of dexterity {unknown}
Scrolls
 l - a scroll of teleportation {@r0}
 o - a scroll of fog
 s - 3 scrolls of fear
Potions
 f - 3 potions of curing {@q2}
 h - 3 potions of brilliance
 i - 2 potions of might
 n - 2 potions of agility
 p - 4 potions of lignification {!q}
 q - a potion of ambrosia {unknown}
 u - 2 potions of flight {unknown}
 v - a potion of haste {unknown}
 x - 2 potions of heal wounds {@q1}
 C - a potion of cancellation {unknown}
Comestibles
 c - 8 bread rations {@e1}
 g - 5 meat rations {@e1}
 t - 2 royal jellies {@e3}
 w - 3 fruits {@e2}
 z - 11 chunks of flesh


   Skills:
 - Level 10.7 Fighting
 - Level 9.0 Maces & Flails
 - Level 8.3 Armour
 - Level 6.1 Dodging
 * Level 6.1 Shields


You had 10 spell levels left.
You didn't know any spells.

Dungeon Overview and Level Annotations

Branches:
Dungeon (8/15)             Temple (1/1) D:6            Lair (0/6) D:8

Altars:
Hepliaklqana
Ru

Shops:
D:5 (   D:6 ?


Innate Abilities, Weirdness & Mutations

You are resistant to torment.
Your stone body is resilient. (AC +7)
You are immune to poison.
You resist negative energy. (rN+)
You are resistant to electric shocks. (rElec)
You can survive without breathing.
You are immune to petrification.
You are immune to rotting.


Message History

You destroy the skeletal warrior!
Trog accepts your kill.
You feel your dexterity returning.
Your Shields skill increases to level 6!
e - 84 sling bullets (gained 1)
You see here a glaive.
You feel a strong urge to attack something.
You feel your anger subside.
You are no longer berserk.
You are exhausted.
You feel yourself slow down.
e - 85 sling bullets (gained 1)
A skeletal warrior comes into view. It is wielding a battleaxe.
You see here a sling bullet.
A skeletal warrior comes into view. It is wielding a halberd.
The skeletal warrior hits you but does no damage.
You see here a sling bullet.
The skeletal warrior hits you with a battleaxe!
* * * LOW HITPOINT WARNING * * *
The skeletal warrior hits you with a battleaxe!!
You die...

#....###.....##.# #.##.####
###.## #.....##.# #.##....#
######.####.....##.# #..#....##
#.........########.# ##.#....##
#.......<.########.# #.#......
#..................####.#....#.
#.....................#...)..#.
#..........##########.##.......
#.....(...(.zz@.....#.(.(.#.###
#.........#########.#....>....#
########.## #.........###.#.#
#.# #.........# #.#.# ..
#.........# #.#.# ###
#.........# #.#.. #.........#
#.##. ....######.###.##.
###.######.#...##.


You could see 2 skeletal warriors.

Vanquished Creatures
  2 skeletal warriors
  The ghost of Talauna the Carver, a novice DsFi of Gozag (D:8)
  Pikel (D:4)
  Joseph (D:7)
  A slime creature (D:7)
  2 hippogriffs (D:7)
  Sigmund (D:2)
  A spriggan (D:7)
  A wyvern (D:7)
  Eustachio (D:4)
  Grum (D:8)
  Menkaure (D:4)
  4 orc warriors
  Duvessa (D:4)
  Purgy (Sewer)
  3 ice beasts
  2 sky beasts (D:7)
  3 black bears
  A phantom (D:8)
  4 ogres
  4 wolves (D:8)
  4 centaurs
  2 bullfrogs
  Dowan (D:4)
  4 scorpions
  6 electric eels (D:7)
  A howler monkey (D:4)
  A crimson imp (D:7)
  A bullfrog skeleton (D:7)
  2 quasits
  5 hounds
  9 orc wizards
  7 orc priests
  A jelly (D:8)
  2 centaur skeletons
  Ijyb (D:3)
  2 iguanas
  4 worker ants
  2 hound zombies (D:6)
  2 hound skeletons
  Robin (D:3)
  A worker ant zombie (D:6)
  3 gnolls (D:7)
  7 adders
  2 shadow imps
  4 oozes
  2 worms
  2 leopard geckos
  39 orcs
  3 ball pythons
  A bat (D:1)
  5 giant cockroaches
  15 goblins
  10 hobgoblins
  12 jackals
  3 quokkas
  5 frilled lizards
  10 kobolds
  A leopard gecko skeleton (D:8)
  A quokka skeleton (D:8)
  A quokka zombie (D:6)
  5 rats
227 creatures vanquished.

Vanquished Creatures (others)
  2 orcs (D:7)
  5 plants (D:7)
7 creatures vanquished.

Grand Total: 234 creatures vanquished

Notes
Turn   | Place    | Note
-------+----------+-------------------------------------------
     0 | D:1      | HarryHood the Gargoyle Berserker began the quest for the Orb.
     0 | D:1      | Reached XP level 1. HP: 14/14 MP: 1/1
   154 | D:1      | Reached XP level 2. HP: 20/20 MP: 2/2
   202 | D:1      | Reached skill level 4 in Fighting
   362 | D:1      | Reached XP level 3. HP: 22/24 MP: 3/3
  1063 | D:2      | Reached skill level 5 in Fighting
  1070 | D:2      | Reached ** piety under Trog
  1101 | D:2      | Noticed Sigmund
  1113 | D:2      | Killed Sigmund
  1113 | D:2      | Reached skill level 6 in Fighting
  1113 | D:2      | Reached XP level 4. HP: 23/32 MP: 4/4
  1113 | D:2      | Reached XP level 5. HP: 27/37 MP: 5/5
  1351 | D:2      | Found a sacrificial altar of Ru.
  1768 | D:3      | Reached XP level 6. HP: 41/42 MP: 6/6
  2099 | D:3      | Reached skill level 4 in Maces & Flails
  2158 | D:3      | Noticed Ijyb
  2178 | D:3      | Killed Ijyb
  2279 | D:3      | Noticed Robin
  2287 | D:3      | Killed Robin
  2315 | D:3      | Reached skill level 5 in Maces & Flails
  2324 | D:3      | Reached *** piety under Trog
  2870 | D:4      | Noticed Eustachio
  2902 | D:4      | Killed Eustachio
  2902 | D:4      | Reached skill level 6 in Maces & Flails
  2902 | D:4      | Reached XP level 7. HP: 43/47 MP: 7/7
  3263 | D:4      | Noticed Menkaure
  3266 | D:4      | Killed Menkaure
  3266 | D:4      | Reached skill level 4 in Armour
  3281 | D:4      | Found a glowing drain.
  3337 | Sewer    | Entered a sewer
  3383 | Sewer    | Noticed Purgy
  3389 | Sewer    | Killed Purgy
  3389 | Sewer    | Reached skill level 5 in Armour
  3389 | Sewer    | Reached XP level 8. HP: 50/52 MP: 8/8
  3570 | D:4      | Noticed Dowan
  3571 | D:4      | Noticed Duvessa
  3587 | D:4      | Killed Duvessa
  3592 | D:4      | Killed Dowan
  3592 | D:4      | Reached skill level 6 in Armour
  3775 | D:4      | Reached skill level 2 in Dodging
  3885 | D:4      | Noticed Pikel
  3898 | D:4      | Killed Pikel
  3898 | D:4      | Reached skill level 4 in Dodging
  4073 | D:5      | Entered Level 5 of the Dungeon
  4093 | D:5      | Reached skill level 5 in Dodging
  4119 | D:5      | You fall through a shaft for 3 floors!
  4173 | D:8      | Reached XP level 9. HP: 45/56 MP: 9/9
  4254 | D:8      | Reached **** piety under Trog
  4258 | D:8      | Noticed Grum
  4282 | D:8      | Killed Grum
  4284 | D:8      | Reached skill level 6 in Dodging
  4293 | D:8      | Reached skill level 7 in Fighting
  4320 | D:8      | Noticed a skeletal warrior
  4320 | D:8      | Noticed a skeletal warrior
  4336 | D:7      | Killed a skeletal warrior
  4336 | D:7      | Reached skill level 9 in Fighting
  4650 | D:7      | Reached skill level 10 in Fighting
  4690 | D:7      | Reached XP level 10. HP: 47/68 MP: 10/10
  4724 | D:6      | Found Fipa's Magic Scroll Emporium.
  4738 | D:6      | Bought a scroll of identify for 22 gold pieces
  4738 | D:6      | Bought a scroll of identify for 22 gold pieces
  4738 | D:6      | Bought a scroll of identify for 22 gold pieces
  5409 | D:6      | Reached skill level 7 in Maces & Flails
  5581 | D:5      | Found Xamen's Antique Weapon Boutique.
  6196 | D:5      | Bought a runed hunting sling for 126 gold pieces
  6265 | D:6      | Received a gift from Trog
  6548 | D:6      | Reached skill level 8 in Maces & Flails
  6724 | D:6      | Found a staircase to the Ecumenical Temple.
  6733 | Temple   | Entered the Ecumenical Temple
  6928 | D:7      | Noticed Joseph
  6942 | D:7      | Killed Joseph
  6981 | D:7      | Reached skill level 9 in Maces & Flails
  7272 | D:7      | Reached skill level 7 in Armour
  7690 | D:7      | Reached skill level 8 in Armour
  7952 | D:7      | Reached skill level 1 in Shields
  8268 | D:7      | Reached skill level 2 in Shields
  8268 | D:7      | Reached XP level 11. HP: 71/73 MP: 11/11
  8462 | D:7      | Reached skill level 3 in Shields
  8523 | D:8      | Noticed Talauna's ghost (novice DsFi)
  8533 | D:8      | Killed Talauna's ghost
  8533 | D:8      | Reached skill level 4 in Shields
  8553 | D:8      | Reached ***** piety under Trog
  8554 | D:8      | Reached skill level 5 in Shields
  8757 | D:8      | Found a staircase to the Lair.
  8864 | D:8      | Killed a skeletal warrior
  8864 | D:8      | Reached skill level 6 in Shields
  8871 | D:8      | Noticed a skeletal warrior
  8872 | D:8      | Noticed a skeletal warrior
  8877 | D:8      | Demolished by a skeletal warrior

Vault maps used:
D:1:      nicolae_arrival_somewhat_less_tricky_arrival
D:2:      nicolae_ru_path_of_blood, uniq_sigmund
D:3:      uniq_iyjb, uniq_robin
D:4:      gup_sewer_entry_glass, uniq_menkaure, uniq_pikel, uniq_duvessa,
          uniq_eustachio
D:5:      first_bread, serial_shops, nicolae_shop_trees, grunt_decor_clamped,
          kennysheep_dice
D:6:      temple_hall, serial_shops, shop
D:7:      cheibrodos_two_vegetables, the_bakery, corexii_leaking_fountain,
          uniq_joseph
D:8:      lair_entry_dummy, uniq_psyche, uniq_grum
Temple:   regret_index_temple_sigil_plot
Sewer:    sewer_co_purgy_island

Skill      XL: |  1  2  3  4  5  6  7  8  9 10 11 |
---------------+----------------------------------+-----
Fighting       | 4 6 10 | 10.7
Maces & Flails | 6 9 |  9.0
Armour         | 5 6 8 |  8.3
Dodging        | 5 6 |  6.1
Shields        | 2 6 |  6.1

Action                   |  1- 3 |  4- 6 |  7- 9 | 10-12 || total
-------------------------+-------+-------+-------+-------++-------
Melee: Mace              |   103 |    37 |       |       ||   140
       Morningstar       |       |   106 |   259 |   390 ||   755
 Fire: Hunting sling     |       |       |       |     9 ||     9
Invok: Berserk           |     1 |       |     3 |     3 ||     7
       Burn Spellbooks   |       |       |     1 |       ||     1
  Use: Scroll            |     2 |     3 |     3 |    13 ||    21
       Potion            |       |       |     2 |       ||     2
  Eat: Chunk             |     1 |     6 |     8 |    13 ||    28
       Bread ration      |       |       |       |     1 ||     1
Armor: Animal skin       |    40 |    11 |       |       ||    51
       Chain mail        |       |    69 |   218 |   276 ||   563
Dodge: Dodged            |    73 |    75 |   162 |   204 ||   514
Block: Buckler           |       |       |       |    23 ||    23
